Match 36766334
Unlisted

Match 36766334
End
Panzergrenadier Squad
250 Light Carrier
Panzergrenadier Squad
Construct Light Support Kompanie
Fire Support Elements
Pak 38 Mechanized Group
Flakvierling Half-track
Combat Half-tracks
2.5-tonne Medical Truck
Selects Italian Infantry
Selects Guastatori Squad
Guastatori Squad
Construct Panzerarmee Kommand
Tungsten Core Ammunition
Panzer III L Medium Tank
Selects Registered Artillery
Selects Defensive Operations
Selects Territory Booby Traps
Emergency Repair Kits
Forward Retreat Point
Armored Reserves
Selects Obice 305mm Barrage
upomoc
战争之裂血手套
HikiKoumori
banksss33
Dingo like Relic's parents
Delete Squad
0
0

Comments sign in to comment!

No comments posted yet!